 Dungeon Crawl Stone Soup version 0.30-a0-364-gf6b3ef1049 (webtiles) character file.

Game seed: 5822292443060753021

249 sanka the Caller (level 5, -3/38 HPs)
             Began as a Draconian Summoner on Nov 15, 2022.
             Killed from afar by Grinder (16 damage)
             ... with a bolt of dispelling energy
             ... on level 3 of the Dungeon.
             The game lasted 00:07:48 (3546 turns).

sanka the Caller (Draconian Summoner)               Turns: 3546, Time: 00:07:49

Health: -3/38      AC:  6    Str: 14    XL:     5   Next: 86%
Magic:  4/8        EV: 12    Int: 23    God:
Gold:   254        SH:  0    Dex: 11    Spells: 2/8 levels left

rFire   . . .      SeeInvis .    m - +9 short sword "Ynyfuestive" {vorpal, rCorr Str+4 Int+5}
rCold   . . .      Faith    .    (no shield)
rNeg    . . .      Spirit   .    (body armour unavailable)
rPois   .          Reflect  .    (helmet restricted)
rElec   .          Harm     .    p - +0 cloak {Stlth+}
rCorr   +          Rampage  .    (no gloves)
Will    .....                    (no boots)
Stlth   +++.......               (no amulet)
HPRegen 0.26/turn                (no ring)
MPRegen 0.11/turn                (no ring)

@: no status effects
A: AC +5, unfitting armour, cold-blooded
a: no special abilities


You were on level 3 of the Dungeon.
You visited 1 branch of the dungeon, and saw 3 of its levels.

You collected 254 gold pieces.


Innate Abilities, Weirdness & Mutations

Your plain brown scales are hard. (AC +5)
You cannot fit into any form of body armour.
You are cold-blooded and may be slowed by cold attacks.


   Skills:
 + Level 0.1 Fighting
 * Level 1.8 Dodging
 - Level 1.7 Stealth
 - Level 2.0 Spellcasting
 + Level 7.1 Summonings


You had 2 spell levels left.
You knew the following spells:

 Your Spells              Type           Power      Damage    Failure   Level
c - Call Canine Familiar  Summ           35%        N/A       1%          3
x - Call Imp              Summ           35%        N/A       1%          2
z - Summon Small Mammal   Summ           100%       N/A       1%          1

Your spell library contained the following spells:

 Spells                   Type           Power      Damage    Failure   Level
 Apportation              Tloc           4%         N/A       13%         1
 Necrotise                Necr           8%         1d4       13%         1
 Summon Guardian Golem    Hex/Summ       18%        N/A       9%          3
 Summon Lightning Spire   Summ/Air       18%        N/A       28%         4
 Kindle Blastsparks       Fire/Tloc/Air  4%         2d10      36%         3
 Ozocubu's Armour         Ice            2%         N/A       36%         3
 Fulminant Prism          Conj/Hex       1%         3d5       77%         4
 Iskenderun's Mystic Bla  Conj/Tloc      2%         2d3       77%         4
 Lee's Rapid Deconstruct  Erth           1%         3d4*      98%         5
 Metabolic Englaciation   Hex/Ice        1%         N/A       98%         5
 Simulacrum               Ice/Necr       1%         N/A       100%        6

Inventory:

Hand Weapons
 h - a +0 mace
 m - the +9 short sword "Ynyfuestive" (weapon) {vorpal, rCorr Str+4 Int+5}

   It inflicts extra damage upon your enemies.
   Str:       It affects your strength (+4).
   Int:       It affects your intelligence (+5).
   rCorr:     It protects you from acid and corrosion.
Armour
 p - a +0 cloak of stealth (worn)
Magical Staves
 r - a staff of poison
Scrolls
 b - 7 scrolls of identify {unknown}
 c - a scroll of magic mapping {unknown}
 f - 5 scrolls of teleportation {unknown}
 g - a scroll of enchant weapon {unknown}
 j - 2 scrolls of noise {unknown}
 k - a scroll of fear {unknown}
 o - a scroll of torment {unknown}
Potions
 a - a potion of magic
 d - a potion of lignification {unknown}
 e - 2 potions of flight {unknown}
 i - 3 potions of heal wounds {unknown}
 l - a potion of mutation {unknown}
 n - a potion of curing {unknown}
 q - a potion of haste {unknown}
 s - a potion of might {unknown}

Dungeon Overview and Level Annotations

Branches:
Dungeon (3/15)

Altars:

Shops:
D:2 (=[*

Annotations:
D:3 Grinder

......▒.
▒.▒▒▒▒▒▒▒.▒▒▒▒.▒
▒......
▒..............▒
.....
..#........▒▒▒▒▒▒
... ▒ ▒▒▒▒▒▒▒▒▒▒.▒
▒5▒S▒ ▒▒▒▒▒▒.▒▒▒▒▒▒
▒.▒▒▒▒▒#▒.▒
▒...........▒
..........▒
▒.▒▒▒▒.......
▒▒▒▒▒▒▒.▒▒▒▒▒▒▒▒▒▒▒
▒.▒ ▒......▒
▒..5......d.▒ ▒.▒
▒▒.▒▒▒.▒
▒▒▒▒▒▒▒▒▒▒▒.▒ ▒.▒
▒.▒ ▒.▒ ▒▒.▒▒▒.▒▒
▒.▒ ▒.▒ ▒..(....▒▒
▒.▒ ▒.▒
▒...)..▒.▒▒▒.▒ ▒.▒
▒............▒ ▒.▒
▒......▒.▒▒▒▒▒ ▒.▒
▒.......▒▒ ▒..
▒▒▒▒▒▒.▒▒


You could see Grinder.


Message History

The bolt of dispelling energy hits you!!
Unknown command.
A beastly little devil appears in a puff of flame.
Your hound closely misses Grinder.
Your hound barely misses Grinder.
Grinder gestures at you.
Your hound writhes in agony!
Your hound dies!
Your crimson imp hits the adder but does no damage.
The adder bites you but does no damage.
Your crimson imp completely misses the adder.
The adder bites your hound but does no damage.
Your hound barely misses the adder.
Your hound barely misses the adder.
The adder bites your hound but does no damage.
Your hound bites the adder.
Your hound barely misses the adder.
Your hound bites the adder.
Your hound bites the adder.
The adder dies!
Grinder zaps a wand.
The bolt of dispelling energy hits your hound!
Your hound dies!
The bolt of dispelling energy hits you!
* * * LOW HITPOINT WARNING * * *
Here: Grinder, carrying a wand of quicksilver (1)
The floor.
Grinder zaps a wand.
The bolt of dispelling energy hits you!
You die...

Action                   |  1- 3 |  4- 6 || total
-------------------------+-------+-------++-------
Melee: Unarmed           |    81 |       ||    81
       Tailslap          |    19 |     6 ||    25
       Mace              |    49 |       ||    49
       Short sword       |     4 |    47 ||    51
 Cast: Summon Small Mamm |    45 |     2 ||    47
       Call Imp          |    12 |    11 ||    23
       Call Canine Famil |       |     8 ||     8
 Stab: Sleeping          |     1 |     4 ||     5
Armor: Skin              |    60 |    15 ||    75
Dodge: Dodged            |   141 |    32 ||   173

Levels and vault maps discovered:
D:1:      roderic_crop_circles_arrival_small, layout_loops_ring,
          hellmonk_ecumenical_altar_lost_god
D:2:      minmay_razor_zed, layout_basic, serial_shops,
          nicolae_shop_behind_doors, shop_coins, shop,
          nicolae_shop_behind_doors, solitary_fountain, uniq_crazy_yiuf_cottage
D:3:      layout_loops_ring, grunt_ministairs_9, uniq_jessica, uniq_robin,
          uniq_terence, uniq_grinder

Notes
Turn   | Place    | Note
-------+----------+-------------------------------------------
     0 | D:1      | sanka the Draconian Summoner began the quest for the Orb.
     0 | D:1      | Reached XP level 1. HP: 14/14 MP: 3/3
   383 | D:1      | Reached XP level 2. HP: 20/20 MP: 1/5
   386 | D:1      | Learned a level 2 spell: Call Imp
   561 | D:1      | Found a faded altar of an unknown god.
   931 | D:1      | Reached skill level 5 in Summonings
   934 | D:1      | Reached XP level 3. HP: 26/26 MP: 1/6
  1332 | D:1      | Learned a level 3 spell: Call Canine Familiar
  1616 | D:2      | Found Hood's Assorted Antiques.
  1767 | D:2      | Found Enlax's Armour Shoppe.
  1867 | D:2      | Found Deofeschois's Antique Weapon Shoppe.
  1940 | D:2      | Identified the +9 short sword "Ynyfuestive" {vorpal, rCorr
                  | Str+4 Int+5}
  2010 | D:2      | Reached XP level 4. HP: 33/33 MP: 7/7
  2222 | D:2      | Found Ydicreso's Jewellery Shop.
  2486 | D:2      | Found a runed translucent door.
  2487 | D:2      | Noticed Crazy Yiuf
  2516 | D:2      | Killed Crazy Yiuf
  2517 | D:2      | Reached skill level 6 in Summonings
  2638 | D:3      | Noticed Robin
  2646 | D:3      | Noticed Terence
  2668 | D:2      | Killed Terence
  2669 | D:2      | Reached XP level 5. HP: 11/38 MP: 1/8
  2791 | D:3      | Killed Robin
  3279 | D:3      | Noticed Grinder
  3464 | D:3      | Noticed Jessica
  3473 | D:3      | Killed Jessica
  3474 | D:3      | Reached skill level 7 in Summonings
  3546 | D:3      | Killed from afar by Grinder

Vanquished Creatures
  4 adders
  4 worms
  A dart slug (D:2)
  An orc (D:3)
  3 ball pythons (D:2)
  5 bats
  3 endoplasms
  5 giant cockroaches
  7 goblins
  7 hobgoblins
  2 jackals (D:1)
  A quokka (D:1)
  2 frilled lizards (D:2)
  3 kobolds
  6 rats
54 creatures vanquished.

Vanquished Creatures (collateral kills)
  Crazy Yiuf (D:2)
  Jessica (D:3)
  Terence (D:2)
  Robin (D:3)
  2 adders
  A ball python (D:1)
  3 bats
  2 endoplasms
  A giant cockroach (D:1)
  5 hobgoblins
  5 jackals (D:1)
  2 frilled lizards
  5 goblins
  A kobold (D:1)
  4 rats
35 creatures vanquished.

Vanquished Creatures (others)
  A ball python (D:2)
  9 plants (D:1)
10 creatures vanquished.

Grand Total: 99 creatures vanquished
